 Dungeon Crawl Stone Soup version 0.29-a0-304-gb34f9e133a (webtiles) character file.

Game seed: 17660041202259545324

3327 sanka the Martial Artist (level 10, -4/80 HPs)
             Began as a Gnoll Monk on Mar 26, 2022.
             Was a Follower of Ru.
             Slain by an orc warrior
             ... wielding a +0 glaive
              (16 damage)
             ... on level 7 of the Dungeon.
             The game lasted 00:12:23 (6664 turns).

sanka the Martial Artist (Gnoll Monk)               Turns: 6664, Time: 00:12:24

Health: -4/80      AC:  4    Str: 19    XL:     10   Next: 2%
Magic:  17/17      EV: 16    Int: 11    God:    Ru [*.....]
Gold:   465        SH:  0    Dex: 15    Spells: 18/18 levels left

rFire   . . .      SeeInvis .     - Unarmed
rCold   . . .      Faith    .   (no shield)
rNeg    . . .      Spirit   .   a - +0 robe
rPois   .          Reflect  .   B - +0 helmet
rElec   .          Harm     .   e - scarf {repulsion}
rCorr   .          Rampage  .   C - +0 pair of gloves
Will    +....                   (no boots)
Stlth   +++.......              w - amulet of regeneration
HPRegen 1.03/turn               c - +6 ring of strength
MPRegen 0.15/turn               A - ring of willpower

@: repel missiles
A: fangs 1, hated by all, strong nose, distributed training
a: Renounce Religion


You were on level 7 of the Dungeon.
You worshipped Ru.
Ru was aware of your devotion.
You visited 1 branch of the dungeon, and saw 8 of its levels.

You collected 465 gold pieces.


Innate Abilities, Weirdness & Mutations

You have very sharp teeth.
You are hated by all.
Your uncanny sense of smell can sniff out nearby items.
Your experience applies equally to all skills.


   Skills:
 + Level 8.2 Fighting
 + Level 4.8 Short Blades
 + Level 4.8 Long Blades
 + Level 4.8 Axes
 + Level 4.8 Maces & Flails
 + Level 4.8 Polearms
 + Level 4.8 Staves
 + Level 4.8 Slings
 + Level 4.8 Bows
 + Level 4.8 Crossbows
 + Level 4.8 Throwing
 + Level 4.8 Armour
 + Level 8.2 Dodging
 + Level 6.4 Stealth
 + Level 4.8 Shields
 + Level 8.2 Unarmed Combat
 + Level 4.8 Spellcasting
 + Level 4.0 Conjurations
 + Level 4.0 Hexes
   Level 0.0 Summonings
 + Level 4.0 Necromancy
 + Level 4.0 Translocations
 + Level 4.0 Transmutations
 + Level 4.0 Fire Magic
 + Level 4.0 Ice Magic
 + Level 4.0 Air Magic
 + Level 4.0 Earth Magic
 + Level 4.0 Poison Magic
 + Level 5.3 Invocations
 + Level 4.8 Evocations


You had 18 spell levels left.
You didn't know any spells.
Your spell library contained the following spells:

 Spells                   Type           Power      Damage    Failure   Level
 Pain                     Necr           44%        1d6       4%          1
 Shock                    Conj/Air       44%        1d5       4%          1
 Corpse Rot               Necr/Air       22%        N/A       6%          2
 Sublimation of Blood     Necr           11%        N/A       6%          2
 Wereblood                Tmut           11%        N/A       6%          2
 Conjure Flame            Conj/Fire      11%        6-21      13%         3
 Swiftness                Air            11%        N/A       13%         3
 Vampiric Draining        Necr           11%        2d6       13%         3
 Airstrike                Air            5%         N/A       38%         4
 Dispel Undead            Necr           11%        3d9       38%         4
 Animate Skeleton         Necr           Unusable   N/A       N/A         1
 Summon Guardian Golem    Hex/Summ       Unusable   N/A       N/A         3
 Summon Ice Beast         Ice/Summ       Unusable   N/A       N/A         4
 Summon Forest            Summ/Tloc      Unusable   N/A       N/A         5
 Summon Mana Viper        Hex/Summ       Unusable   N/A       N/A         5
 Death Channel            Necr           Unusable   N/A       N/A         6
 Monstrous Menagerie      Summ           Unusable   N/A       N/A         7
 Summon Hydra             Summ           Unusable   N/A       N/A         7

Inventory:

Hand Weapons
 o - a +1 flail of distortion
Missiles
 i - 9 boomerangs (quivered)
 q - a throwing net {=f}
 E - 13 poisoned darts
Armour
 a - a +0 robe (worn)
 e - a scarf of repulsion (worn)
 p - a +2 chain mail of cold resistance
 B - a +0 helmet (worn)
 C - a +0 pair of gloves (worn)
Magical Staves
 f - a staff of earth
Jewellery
 c - a +6 ring of strength (left hand)
 n - a ring of wizardry
 v - a +6 ring of intelligence
 w - an amulet of regeneration (around neck)
 A - a ring of willpower (right hand)
Wands
 t - a wand of iceblast (1)
Scrolls
 d - 4 scrolls of enchant weapon {unknown}
 k - 2 scrolls of fog {unknown}
 l - 6 scrolls of teleportation {unknown}
 m - 6 scrolls of identify {unknown}
 s - 3 scrolls of immolation {unknown}
 x - a scroll of fear {unknown}
 y - 2 scrolls of magic mapping {unknown}
 F - 2 scrolls of holy word {unknown}
 H - a scroll of amnesia {unknown}
 J - a scroll of vulnerability {unknown}
Potions
 b - a potion of ambrosia
 g - 2 potions of berserk rage {unknown}
 h - a potion of mutation {unknown}
 j - 2 potions of brilliance {unknown}
 r - 3 potions of flight {unknown}
 u - a potion of resistance {unknown}
 z - 3 potions of might {unknown}
 D - 3 potions of curing {unknown}
 G - a potion of degeneration {unknown}

Dungeon Overview and Level Annotations

Branches:
Dungeon (8/15)             Temple (0/1) D:4
   Lair: D:8-11

Altars:
Fedhas
Hepliaklqana
Nemelex Xobeh
Ru
Uskayaw
Vehumet
The Shining One

Shops:
D:3 :

Annotations:
D:3 3 runed translucent doors, kae's ghost, amateur TeFE
D:8 Gastronok

▒▒▒▒▒▒▒ ▒..........▒
P▒PfPf▒▒▒.......▒▒▒▒
ffP▒Pf▒.........▒▒
P▒.P▒P▒.▒....▒...▒
PPPf▒P▒.▒.▒▒.▒...▒▒▒▒
.fPPPP▒.▒▒▒▒...▒....▒
....PP▒.▒....▒...▒▒.▒
≈.P▒Pf▒.▒.▒▒.▒▒oo.▒.▒
≈..P.▒▒▒▒.▒▒....g...▒
≈.P▒f▒▒...▒▒▒▒▒.▒▒▒▒▒
≈..P▒P▒▒▒▒......▒
≈.▒▒f▒▒▒▒▒.▒▒▒▒▒▒
..PPPf▒....▒
..P..f▒▒▒▒▒▒


PPPP▒P▒ fPP▒.f▒ PP.P▒P▒ You could see an orc warrior and an orc.


Message History

The orc hits you with a +0 dagger.
* * * LOW HITPOINT WARNING * * *
The orc warrior hits you with a +0 glaive!
* * * LOW HITPOINT WARNING * * *
You hit the orc warrior.
The orc warrior is almost dead.
The orc hits you with a +0 dagger.
* * * LOW HITPOINT WARNING * * *
The orc warrior closely misses you.
You barely miss the orc warrior.
The orc warrior is almost dead.
The orc hits you with a +0 dagger.
* * * LOW HITPOINT WARNING * * *
The orc warrior hits you with a +0 glaive!
* * * LOW HITPOINT WARNING * * *
You closely miss the orc warrior.
The orc warrior is almost dead.
The orc closely misses you. The orc warrior closely misses you.
You barely miss the orc warrior.
The orc warrior is almost dead.
The orc misses you. The orc warrior barely misses you.
Aiming: Corrosive Bolt
Aim: an orc warrior, wielding a +0 glaive and wearing a +0 chain mail (almost dead, 71% to hit)
The bolt of acid misses the orc warrior.
The now-empty wand crumbles to dust.
The orc misses you.
The orc warrior hits you with a +0 glaive!
You die...

Action                   |  1- 3 |  4- 6 |  7- 9 | 10-12 || total
-------------------------+-------+-------+-------+-------++-------
Melee: Unarmed           |    99 |   181 |   259 |    18 ||   557
       Bite              |     7 |    22 |    37 |     3 ||    69
       Punch             |     1 |     5 |    12 |       ||    18
Throw: Boomerang         |       |     2 |    28 |     3 ||    33
Invok: Sacrifice Love    |       |     1 |       |       ||     1
       Reject Sacrifices |       |       |     1 |       ||     1
Evoke: Wand              |       |     3 |     4 |     2 ||     9
  Use: Potion            |       |     1 |       |       ||     1
 Stab: Sleeping          |    10 |    12 |     6 |       ||    28
       Distracted        |       |       |     1 |       ||     1
Armor: Robe              |    12 |     5 |    21 |     1 ||    39
Dodge: Dodged            |    61 |   114 |   141 |    20 ||   336
       Repelled          |       |     1 |     3 |       ||     4

Levels and vault maps discovered:
D:1:      dpeg_arrival_stone_temple_mockup, layout_basic, serial_bayou_lagoon_b
D:2:      layout_basic, shapermc_ecumenical_altar_mp_highgroup,
          chequers_serial_rivers_micro_a, hangedman_decor_peaks_small,
          corexii_shack, amcnicky_mini_rare_corridor_liquid,
          chequers_serial_rivers_room_a, hangedman_abyss_or_decor_stabs,
          kennysheep_big_empty_room
D:3:      layout_loops_ring, serial_shops, shop_fountains, gammafunk_ghost_split
D:4:      kennysheep_the_goblin_king, layout_loops_ring,
          chequers_temple_overflow_minitemple, minmay_temple_entry_hall,
          nicolae_figureground_pulse
D:5:      layout_rooms
D:6:      layout_rooms, mainiacjoe_overflow_paths, kennysheep_generic_room_8
D:7:      layout_basic, tgw_fedhas, serial_undead, serial_undead_f,
          serial_undead_c, serial_undead_b, serial_undead_d, uniq_joseph
D:8:      layout_loops_corners, serial_rivers, chequers_serial_rivers_micro_c,
          chequers_serial_rivers_large_a, chequers_serial_rivers_small_3,
          chequers_serial_rivers_large_b, uniq_gastronok, uniq_maurice,
          uniq_prince_ribbit1

Notes
Turn   | Place    | Note
-------+----------+-------------------------------------------
     0 | D:1      | sanka the Gnoll Monk began the quest for the Orb.
     0 | D:1      | Reached XP level 1. HP: 23/23 MP: 1/1
   249 | D:1      | Reached XP level 2. HP: 29/29 MP: 2/2
   589 | D:1      | Reached XP level 3. HP: 34/35 MP: 3/3
   970 | D:2      | Reached skill level 1 in Invocations
  1068 | D:2      | Reached skill level 1 in Short Blades
  1068 | D:2      | Reached skill level 1 in Long Blades
  1068 | D:2      | Reached skill level 1 in Axes
  1068 | D:2      | Reached skill level 1 in Maces & Flails
  1068 | D:2      | Reached skill level 1 in Polearms
  1068 | D:2      | Reached skill level 1 in Staves
  1068 | D:2      | Reached skill level 1 in Slings
  1068 | D:2      | Reached skill level 1 in Bows
  1068 | D:2      | Reached skill level 1 in Crossbows
  1068 | D:2      | Reached skill level 1 in Throwing
  1068 | D:2      | Reached skill level 1 in Armour
  1068 | D:2      | Reached skill level 1 in Shields
  1068 | D:2      | Reached skill level 1 in Spellcasting
  1068 | D:2      | Reached skill level 1 in Evocations
  1178 | D:2      | Found a faded altar of an unknown god.
  1244 | D:2      | Reached XP level 4. HP: 41/41 MP: 5/5
  1944 | D:3      | Reached skill level 1 in Conjurations
  1944 | D:3      | Reached skill level 1 in Hexes
  1944 | D:3      | Reached skill level 1 in Summonings
  1944 | D:3      | Reached skill level 1 in Necromancy
  1944 | D:3      | Reached skill level 1 in Translocations
  1944 | D:3      | Reached skill level 1 in Transmutations
  1944 | D:3      | Reached skill level 1 in Fire Magic
  1944 | D:3      | Reached skill level 1 in Ice Magic
  1944 | D:3      | Reached skill level 1 in Air Magic
  1944 | D:3      | Reached skill level 1 in Earth Magic
  1944 | D:3      | Reached skill level 1 in Poison Magic
  1981 | D:3      | Found Vavugrit's Book Boutique.
  2299 | D:3      | Reached XP level 5. HP: 32/47 MP: 5/7
  2513 | D:3      | Found a runed translucent gate.
  2513 | D:3      | Found a runed translucent gate.
  2513 | D:3      | Found a runed translucent gate.
  2521 | D:3      | Noticed kae's ghost (amateur TeFE)
  3152 | D:4      | Reached XP level 6. HP: 53/53 MP: 8/8
  3170 | D:4      | Reached skill level 2 in Invocations
  3238 | D:4      | Found a radiant altar of Vehumet.
  3238 | D:4      | Found a glowing golden altar of the Shining One.
  3245 | D:4      | Found a hazy altar of Hepliaklqana.
  3247 | D:4      | Found a sacrificial altar of Ru.
  3248 | D:4      | Found a hide-covered altar of Uskayaw.
  3253 | D:4      | Became a worshipper of Ru the Awakened
  3280 | D:4      | Gained mutation: You are hated by all. [Ru sacrifice]
  3280 | D:4      | Reduced skill Summonings to level 0
  3280 | D:4      | Reached * piety under Ru
  3609 | D:4      | Found a staircase to the Ecumenical Temple.
  3748 | D:4      | Reached skill level 2 in Short Blades
  3748 | D:4      | Reached skill level 2 in Long Blades
  3748 | D:4      | Reached skill level 2 in Axes
  3748 | D:4      | Reached skill level 2 in Maces & Flails
  3748 | D:4      | Reached skill level 2 in Polearms
  3748 | D:4      | Reached skill level 2 in Staves
  3748 | D:4      | Reached skill level 2 in Slings
  3748 | D:4      | Reached skill level 2 in Bows
  3748 | D:4      | Reached skill level 2 in Crossbows
  3748 | D:4      | Reached skill level 2 in Throwing
  3748 | D:4      | Reached skill level 2 in Armour
  3748 | D:4      | Reached skill level 2 in Shields
  3748 | D:4      | Reached skill level 2 in Spellcasting
  3748 | D:4      | Reached skill level 2 in Evocations
  3826 | D:5      | Entered Level 5 of the Dungeon
  3857 | D:5      | HP: 3/53 [gnoll/+0 flail (8)]
  3961 | D:5      | Got the Incunabulum of Creation and the Blaze
  4046 | D:5      | Reached XP level 7. HP: 57/59 MP: 10/10
  4097 | D:5      | Reached skill level 7 in Fighting
  4097 | D:5      | Reached skill level 7 in Dodging
  4097 | D:5      | Reached skill level 7 in Unarmed Combat
  4165 | D:5      | Reached skill level 2 in Conjurations
  4165 | D:5      | Reached skill level 2 in Hexes
  4165 | D:5      | Reached skill level 2 in Necromancy
  4165 | D:5      | Reached skill level 2 in Translocations
  4165 | D:5      | Reached skill level 2 in Transmutations
  4165 | D:5      | Reached skill level 2 in Fire Magic
  4165 | D:5      | Reached skill level 2 in Ice Magic
  4165 | D:5      | Reached skill level 2 in Air Magic
  4165 | D:5      | Reached skill level 2 in Earth Magic
  4165 | D:5      | Reached skill level 2 in Poison Magic
  4443 | D:6      | Reached skill level 5 in Stealth
  4478 | D:6      | Reached skill level 3 in Invocations
  4621 | D:6      | Found a sparkling altar of Nemelex Xobeh.
  4662 | D:6      | Reached XP level 8. HP: 62/67 MP: 12/12
  4672 | D:6      | Reached skill level 3 in Short Blades
  4672 | D:6      | Reached skill level 3 in Long Blades
  4672 | D:6      | Reached skill level 3 in Axes
  4672 | D:6      | Reached skill level 3 in Maces & Flails
  4672 | D:6      | Reached skill level 3 in Polearms
  4672 | D:6      | Reached skill level 3 in Staves
  4672 | D:6      | Reached skill level 3 in Slings
  4672 | D:6      | Reached skill level 3 in Bows
  4672 | D:6      | Reached skill level 3 in Crossbows
  4672 | D:6      | Reached skill level 3 in Throwing
  4672 | D:6      | Reached skill level 3 in Armour
  4672 | D:6      | Reached skill level 3 in Shields
  4672 | D:6      | Reached skill level 3 in Spellcasting
  4672 | D:6      | Reached skill level 3 in Evocations
  5046 | D:7      | Noticed Joseph
  5064 | D:7      | Killed Joseph
  5138 | D:7      | Reached skill level 4 in Invocations
  5160 | D:7      | Reached skill level 3 in Conjurations
  5160 | D:7      | Reached skill level 3 in Hexes
  5160 | D:7      | Reached skill level 3 in Necromancy
  5160 | D:7      | Reached skill level 3 in Translocations
  5160 | D:7      | Reached skill level 3 in Transmutations
  5160 | D:7      | Reached skill level 3 in Fire Magic
  5160 | D:7      | Reached skill level 3 in Ice Magic
  5160 | D:7      | Reached skill level 3 in Air Magic
  5160 | D:7      | Reached skill level 3 in Earth Magic
  5160 | D:7      | Reached skill level 3 in Poison Magic
  5233 | D:7      | Reached XP level 9. HP: 65/72 MP: 14/14
  5466 | D:7      | Reached skill level 4 in Short Blades
  5466 | D:7      | Reached skill level 4 in Long Blades
  5466 | D:7      | Reached skill level 4 in Axes
  5466 | D:7      | Reached skill level 4 in Maces & Flails
  5466 | D:7      | Reached skill level 4 in Polearms
  5466 | D:7      | Reached skill level 4 in Staves
  5466 | D:7      | Reached skill level 4 in Slings
  5466 | D:7      | Reached skill level 4 in Bows
  5466 | D:7      | Reached skill level 4 in Crossbows
  5466 | D:7      | Reached skill level 4 in Throwing
  5466 | D:7      | Reached skill level 4 in Armour
  5466 | D:7      | Reached skill level 4 in Shields
  5466 | D:7      | Reached skill level 4 in Spellcasting
  5466 | D:7      | Reached skill level 4 in Evocations
  5723 | D:7      | Noticed an oklob plant
  5751 | D:7      | Killed an oklob plant
  5752 | D:7      | Reached skill level 6 in Stealth
  5963 | D:8      | Reached skill level 8 in Fighting
  5963 | D:8      | Reached skill level 8 in Dodging
  5963 | D:8      | Reached skill level 8 in Unarmed Combat
  6073 | D:8      | Reached skill level 5 in Invocations
  6166 | D:8      | Noticed a meliai
  6169 | D:8      | Killed a meliai
  6542 | D:8      | Noticed Prince Ribbit
  6563 | D:8      | Killed Prince Ribbit
  6564 | D:8      | Reached skill level 4 in Conjurations
  6564 | D:8      | Reached skill level 4 in Hexes
  6564 | D:8      | Reached skill level 4 in Necromancy
  6564 | D:8      | Reached skill level 4 in Translocations
  6564 | D:8      | Reached skill level 4 in Transmutations
  6564 | D:8      | Reached skill level 4 in Fire Magic
  6564 | D:8      | Reached skill level 4 in Ice Magic
  6564 | D:8      | Reached skill level 4 in Air Magic
  6564 | D:8      | Reached skill level 4 in Earth Magic
  6564 | D:8      | Reached skill level 4 in Poison Magic
  6564 | D:8      | Reached XP level 10. HP: 80/80 MP: 17/17
  6618 | D:8      | Noticed Gastronok
  6664 | D:7      | Slain by an orc warrior

Vanquished Creatures
  An oklob plant (D:7)
  Joseph (D:7)
  A meliai (shapeshifter) (D:8)
  Prince Ribbit (D:8)
  A water moccasin (D:8)
  A sky beast (D:6)
  An ice beast (D:7)
  2 centaurs
  2 phantoms
  5 necrophages (D:7)
  2 bullfrogs
  3 scorpions (D:6)
  5 wights
  A howler monkey (D:8)
  A centaur zombie (D:7)
  2 hounds
  A gnoll shaman (D:5)
  4 orc priests
  A jelly (D:5)
  4 iguanas
  2 orc wizards
  A killer bee zombie (D:7)
  9 gnolls
  7 adders
  A shadow imp (D:3)
  A white imp (D:8)
  An ufetubus (D:4)
  2 worms
  A dart slug (D:4)
  17 orcs
  5 bats
  4 endoplasms
  7 giant cockroaches
  12 goblins
  13 hobgoblins
  4 jackals (D:1)
  4 quokkas
  6 ball pythons
  4 frilled lizards
  12 kobolds
153 creatures vanquished.

Vanquished Creatures (others)
  A kobold brigand (D:8)
  A gnoll (D:5)
  A fungus (D:7)
  5 plants
  15 toadstools (D:7)
23 creatures vanquished.

Grand Total: 176 creatures vanquished
